 Dungeon Crawl Stone Soup version 0.29.1-12-g30fa7ad0bf (webtiles) character file.

Game seed: 4277422990236094352

89 shoemetal68 the Trooper (level 4, 0/37 HPs)
             Began as a Demonspawn Chaos Knight on Dec 17, 2022.
             Was a Plaything of Xom.
             Slain by Terence
             ... wielding a +0 hand axe
              (6 damage)
             ... on level 2 of the Dungeon.
             The game lasted 00:04:09 (551 turns).

shoemetal68 the Trooper (Demonspawn Chaos Knight)    Turns: 551, Time: 00:04:09

Health: 0/37       AC:  5    Str: 14    XL:     4   Next: 31%
Magic:  4/4        EV: 11    Int: 14    God:    Xom [*.....]
Gold:   0          SH:  0    Dex: 12    Spells: 3/3 levels left

rFire   . . .      SeeInvis .   a - +0 hand axe (chaos)
rCold   . . .      Faith    .   (no shield)
rNeg    . . .      Spirit   .   b - +2 leather armour
rPois   .          Reflect  .   (no helmet)
rElec   .          Harm     .   (no cloak)
rCorr   .          Rampage  .   (no gloves)
Will    .....                   (no boots)
Stlth   +.........              (no amulet)
HPRegen 0.12/turn               (no ring)
MPRegen 0.09/turn               (no ring)

@: no status effects
A: ignite blood 1, sturdy frame 1, weakness stinger 1
a: Renounce Religion


You were on level 2 of the Dungeon.
You worshipped Xom.
You were a special plaything of Xom.
You visited 1 branch of the dungeon, and saw 2 of its levels.

Inventory:

Hand Weapons
 a - a +0 hand axe of chaos (weapon)
 e - a +2 vampiric dagger
Missiles
 f - 5 stones (quivered)
Armour
 b - a +2 leather armour (worn)
Scrolls
 g - a scroll of identify {unknown}
Potions
 d - a potion of heal wounds {unknown}
Miscellaneous
 c - a piece from Xom's chessboard (15/15)


   Skills:
 + Level 4.0 Fighting
 + Level 3.6 Axes
 + Level 2.2 Armour
 + Level 1.3 Dodging


You had 3 spell levels left.
You didn't know any spells.
Your spell library was empty.

Dungeon Overview and Level Annotations

Branches:
Dungeon (2/15)

Altars:

Shops:
D:1 (=:*

Annotations:
D:2 Terence


Innate Abilities, Weirdness & Mutations

Your demonic aura sometimes causes spilled blood to erupt in flames.
Your movements are slightly less encumbered by armour. (ER -2)
You have a small tail.


Message History

You hit the adder.
The adder is poisoned.
The adder is moderately wounded.
You feel sick.
The adder bites you but does no damage. x2
You barely miss the adder.
Your tail-slap misses the adder.
The adder is moderately wounded.
You feel sick. The adder closely misses you.
You hit the adder. You burn the adder.
Your tail-slap misses the adder.
The adder is almost dead.
You feel sick.
The adder bites you but does no damage. x2
You barely miss the adder.
The adder is almost dead.
You feel sick. The adder bites you but does no damage.
You hit the adder.
The adder seems to slow down.
You freeze the adder.
You kill the adder!
You feel sick.
Your Fighting skill increases to level 4!
You feel sick.
You are no longer poisoned.
As you open the door, it creaks loudly!
Terence the Incautious comes into view.
He is wielding a +0 hand axe.
A bat comes into view.
Found a robe.
You closely miss Terence. Terence hits you with a +0 hand axe.
* * * LOW HITPOINT WARNING * * *
Terence hits you with a +0 hand axe.
* * * LOW HITPOINT WARNING * * *
You hit Terence but do no damage. Terence barely misses you.
You hit Terence.
Terence seems to slow down.
Terence is lightly wounded.
You completely miss Terence.
Terence is lightly wounded.
Terence is no longer moving slowly.
Terence barely misses you.
You hit Terence but do no damage.
Terence is lightly wounded.
Terence misses you.
You hit Terence but do no damage.
Terence is lightly wounded.
Terence hits you with a +0 hand axe.
You die...
Xom thinks this is hilarious!

########### ##
..........### ...
............# ....
........#.#.# .....
........#.#.######......
....†.........Z.@@b.....
........#.#.#....#....[.
####'#..#.#.#....# .....
..†..#..#Z#.#....# ....
######..#.#.#....# ...
#..#.#.###### #. ##
#....#.# .# #....#.# .##
#....#


You could see Terence (ally target), a bat and a friendly dart slug zombie.

Vanquished Creatures
  A scorpion (D:2)
  An adder (D:2)
  2 dart slugs (D:2)
  2 endoplasms (D:1)
  2 giant cockroaches
  2 hobgoblins (D:1)
  A kobold (D:1)
  A quokka (D:1)
  A ball python (D:1)
  A bat (D:1)
  A frilled lizard (D:1)
  A rat (D:1)
16 creatures vanquished.

Notes
Turn   | Place    | Note
-------+----------+-------------------------------------------
     0 | D:1      | shoemetal68 the Demonspawn Chaos Knight began the quest for
                  | the Orb.
     0 | D:1      | Reached XP level 1. HP: 18/18 MP: 1/1
   193 | D:1      | Found Xoppuz's Assorted Antiques.
   213 | D:1      | Reached skill level 1 in Dodging
   220 | D:1      | Found Hiwk's Book Emporium.
   244 | D:1      | XOM: noise
   247 | D:1      | Gained mutation: Your movements are slightly less
                  | encumbered by armour. (ER -2) [demonic ancestry]
   247 | D:1      | Reached XP level 2. HP: 17/24 MP: 2/2
   285 | D:1      | Found Ujaruvvo's Antique Weapon Boutique.
   300 | D:1      | XOM: silly message
   324 | D:1      | Found Zeripti's Jewellery Shoppe.
   332 | D:1      | XOM: noise
   351 | D:2      | Noticed a scorpion
   356 | D:2      | HP: 1/24 [poisoned by a scorpion]
   357 | D:2      | Killed a scorpion
   357 | D:2      | Xom revived you
   358 | D:2      | Gained mutation: You have a small tail. [demonic ancestry]
   358 | D:2      | Reached XP level 3. HP: 6/30 MP: 3/3
   358 | D:2      | Gained mutation: Your demonic aura sometimes causes spilled
                  | blood to erupt in flames. [demonic ancestry]
   358 | D:2      | Reached XP level 4. HP: 8/37 MP: 4/4
   519 | D:2      | XOM: divination: detect items
   530 | D:2      | Reached skill level 4 in Fighting
   545 | D:2      | Noticed Terence
   551 | D:2      | Slain by Terence

Illustrated notes

Levels and vault maps discovered:
D:1:      kennysheep_arrival_seaside, layout_rooms, serial_shops,
          nicolae_lakefront_shop, shop, shop, nicolae_shop_statue_plus
D:2:      layout_basic, basic_altar, minmay_crystal_water, uniq_terence

Skill      XL: |  1  2  3  4 |
---------------+-------------+-----
Dodging        | 1 |  1.3
Axes           | 3 |  3.6
Armour         | 2 |  2.2
Fighting       | 4 |  4.0

Action                   |  1- 3 |  4- 6 || total
-------------------------+-------+-------++-------
Melee: Hand axe          |    31 |    17 ||    48
Armor: Leather armour    |    13 |     5 ||    18
Dodge: Dodged            |    15 |     4 ||    19
